[Event "57th Biel Festival MTO 2024"]
[White "Materia,Marco"]
[Black "Lyutsinger,Iren"]
[Site "Biel"]
[Round "6.14"]
[Annotator "TA"]
[Result "1-0"]
[Date "2024.07.20"]
[WhiteElo "2453"]
[BlackElo "2069"]
[PlyCount "103"]
[TimeControl "60"]

1. d4 Nf6 2. c4 e6 3. Nf3 b6 4. a3 Bb7 5. Bf4 c5 6. Nc3 cxd4 7. Qxd4 Nc6 8. Qd3 {[%emt 0:0:10] Die Stellung ist ausgeglichen.} Nh5 9. Bg5 Be7 10. Bxe7 Qxe7 11. g3 O-O 12. Bg2 Rac8 13. O-O Na5 14. Nd2 Ba6 15. b4 Nxc4 (15... Bxc4 $2 16. Qf3 $18 (16. Qc2 Bxe2 17. Rfc1 Rc7 $18 ))16. b5 Nxd2 (16... Nxa3 $2 17. bxa6 Nf6 18. Bb7 $18 )17. Qxd2 Qc5 $1 18. bxa6 Qxc3 19. Qxd7 Rc7 20. Qd6 $36 {[%emt 0:8:7][%mdl 2048] Weiss kämpft um Vorteil.} Nf6 21. Rfd1 Nd7 22. a4 g6 23. Bb7 Ne5 {[%emt 0:6:0] Droht stark ...Rd7.} 24. Qd4 (24. Rac1 {wäre vielleicht verwirrender.} Qxc1 25. Rxc1 Rxc1+ 26. Kg2 )Qa5 (24... Qxd4 $11 25. Rxd4 Nd7 )25. Rac1 $16 Rd7 26. Qf4 Rxd1+ 27. Rxd1 Qc5 28. Kg2 Qc7 (28... Qc2 $142 29. Rd4 Qc5 (29... Qxe2 $2 30. Re4 $18 ))29. Rd4 {[%emt 0:5:52] Weiß steht aktiver.} ({Vorzuziehen ist} 29. Qc1 $16 Qxc1 30. Rxc1 )Qc5 $14 30. h3 {[%emt 0:2:2] Schwarz ist schwach auf den weissen Feldern} Qa5 {[%emt 0:1:14] Das kostet Schwarz die Partie.} (30... h5 $1 $14 )31. Qe4 $18 {[%emt 0:6:20] Und f4 würde nun gewinnen.} f5 {[%emt 0:1:29] [#]} (31... g5 $16 32. h4 gxh4 )32. Qh4 $1 Qc5 {[%emt 0:1:10][%cal Oh7h6] Wehrt Qe7 ab} 33. Rd8 Nf7 34. Rxf8+ Qxf8 {[%emt 0:0:13][%mdl 4096] Endspiel. KQB-KQN} 35. Qc4 Qd6 (35... Qe8 {ist wohl besser.} 36. Qc3 Qb8 )36. Qc8+ Kg7 $2 (36... Qd8 37. Qxe6 Kg7 )37. Qa8 f4 38. Qxa7 fxg3 39. fxg3 Kh6 {[%emt 0:0:42] [#]} 40. a5 $1 Qe5 (40... Ne5 41. Qxb6 )41. Qxb6 Nd6 {[%emt 0:52:12] [#]} 42. Qxd6 $3 Qxd6 43. a7 Qe5 44. Bf3 (44. a8=B Qxe2+ 45. Kg1 Qe1+ 46. Kh2 Qxa5 $19 )Qxa5 45. a8=Q (45. a8=B $2 {zu gefräßig.} Qc7 46. Bae4 Qc3 $19 )Qc5 {[%emt 0:0:0] Wehrt Qf8+ ab} 46. Qe8 e5 47. Qf7 {[%emt 0:0:0] Weiß setzt Matt.} Qd6 48. h4 Qd8 49. g4 g5 50. Qe6+ Kg7 51. Qxe5+ Kh6 52. Qxg5+ $2 {[%emt 0:0:36] Gewichteter Fehlerwert: Weiß=0.06 (makellos) /Schwarz=0.39.  Fehler:       	Weiß=1     	Schwarz=6     Ungenau:       	Weiß=2     	Schwarz=2     OK:         	Weiß=16    	Schwarz=16    Bester:       	Weiß=5     	---        Stark:        	Weiß=1     	Schwarz=1} (52. Qe6+ {setzt Matt} Kg7 53. h5 (53. Qe5+ Qf6 $18 )Qc7 54. h6+ Kf8 55. Qf6+ Qf7 56. Qd8+ (56. Qxg5 Qc7 57. Qf6+ Qf7 58. Qe5 Qg6 59. g5 Qf7 60. Qd6+ Qe7 61. Qxe7+ Kxe7 )Qe8 57. Qxg5 )1-0

[Event "57th Biel Festival MTO 2024"]
[White "Hafiz,Arif Abdul"]
[Black "Xue,Haowen"]
[Site "Biel"]
[Round "6.15"]
[Annotator "ChessBase"]
[Result "0-1"]
[Date "2024.07.20"]
[WhiteElo "2367"]
[BlackElo "2452"]
[PlyCount "114"]
[TimeControl "60"]

1. e4 c5 2. Nc3 e6 3. Nge2 Nf6 4. g3 b5 5. Bg2 Bb7 6. d3 b4 7. Nb1 d5 8. e5 Ng4 9. f4 h5 10. h3 Nh6 11. Be3 Nf5 12. Bf2 g5 13. Nd2 Nd7 14. Nf3 gxf4 15. Nxf4 d4 16. Qe2 Bh6 17. Nxh5 Be3 18. g4 Bxf2+ 19. Qxf2 Ne3 20. Rg1 Qc7 21. Nh4 O-O-O 22. Bxb7+ Qxb7 23. Ng2 Nxe5 24. Nxe3 Nf3+ 25. Ke2 Nxg1+ 26. Rxg1 dxe3 27. Qxe3 Qc7 28. b3 Rd5 29. Kd2 Qh2+ 30. Kd1 Re5 31. Rg2 Qh1+ 32. Rg1 Rxe3 33. Rxh1 Kd7 34. Kd2 Re5 35. h4 Ke7 36. Ng3 f6 37. Nf1 f5 38. gxf5 exf5 39. Ng3 Rg8 40. Rh3 f4 41. Ne4 Rg2+ 42. Kd1 Rh5 43. Rh1 Ke6 44. Rf1 Rxh4 45. Nxc5+ Kd5 46. d4 Kxd4 47. Nd3 Kc3 48. Ne1 Rg3 49. Nf3 Rh5 50. Kc1 Rd5 51. Rf2 Ra5 52. Nd2 Rg1+ 53. Nf1 Re5 54. Kd1 Re4 55. Rf3+ Kb2 56. Kd2 Rd4+ 57. Ke2 Rg2+ 0-1

[Event "57th Biel Festival MTO 2024"]
[White "Bilguun,Sumiya"]
[Black "Nurman,Alua"]
[Site "Biel"]
[Round "6.16"]
[Annotator "TA"]
[Result "1/2-1/2"]
[Date "2024.07.20"]
[WhiteElo "2466"]
[BlackElo "2274"]
[PlyCount "35"]
[TimeControl "60"]

1. e4 c5 2. Nc3 d6 3. f4 Nc6 4. Nf3 g6 5. Bb5 Bd7 6. Bc4 (6. Bxc6 $14 Bxc6 7. d4 )Bg7 $11 7. O-O Nd4 (7... e6 $15 )8. e5 (8. Nxd4 $11 cxd4 9. Ne2 )Bc6 $15 9. Nxd4 cxd4 10. Nb5 dxe5 11. fxe5 Nh6 {[%emt 0:0:8][%cal Oa7a6] ...a6! ist eine echte Drohung.} 12. d3 {[%emt 0:20:31] [#]} O-O $1 13. Bf4 a6 14. Na3 b5 15. Bb3 Nf5 16. Qe2 Qb6 {[%emt 0:6:11] Und ...a5 würde nun gewinnen.} 17. e6 (17. Rf2 $142 )f6 $17 18. Kh1 {[%emt 0:0:57] Gewichteter Fehlerwert: Weiß=0.34/Schwarz=0.09 (makellos) .  Fehler:       	Weiß=2     	Schwarz=1     Ungenau:       	Weiß=1     	---        OK:         	Weiß=3     	Schwarz=5     Bester:       	---       	Schwarz=2     Stark:        	---       	Schwarz=1} 1/2-1/2

[Event "57th Biel Festival MTO 2024"]
[White "Razafindratsima,Timothe"]
[Black "Smeets,Kobe"]
[Site "Biel"]
[Round "6.17"]
[Annotator "ChessBase"]
[Result "1-0"]
[Date "2024.07.20"]
[WhiteElo "2445"]
[BlackElo "2324"]
[PlyCount "59"]
[TimeControl "60"]

1. e4 e5 2. Nf3 Nc6 3. Bb5 Nge7 4. O-O Ng6 5. d4 exd4 6. Nxd4 Bc5 7. Nf5 O-O 8. Nc3 a6 9. Bc4 d6 10. a3 Be6 11. Nd5 Nce5 12. Ba2 Qd7 13. Be3 Bxf5 14. exf5 Qxf5 15. Nxc7 Rac8 16. Nd5 Bxe3 17. Nxe3 Qd7 18. f4 Nc6 19. f5 Nge5 20. f6 g6 21. Nd5 b5 22. Qd2 Kh8 23. Rae1 Rce8 24. c3 Qg4 25. Bb1 Qh5 26. Qf4 Nd3 27. Bxd3 Rxe1 28. Rxe1 Qxd5 29. Qh6 Rg8 30. Re8 1-0

[Event "57th Biel Festival MTO 2024"]
[White "Fromm,Marius"]
[Black "Emmenecker,Pierre-Antoine"]
[Site "Biel"]
[Round "6.18"]
[Annotator "TA"]
[Result "1/2-1/2"]
[Date "2024.07.20"]
[WhiteElo "2465"]
[BlackElo "2306"]
[PlyCount "106"]
[TimeControl "60"]

1. e4 e5 2. Nf3 Nc6 3. Bb5 a6 4. Ba4 Bc5 5. c3 Nge7 6. d4 exd4 7. cxd4 Bb4+ 8. Bd2 {[%emt 0:10:30] White is slightly better.} Bxd2+ 9. Qxd2 d5 10. exd5 Qxd5 11. Nc3 Qe6+ 12. Qe3 O-O 13. O-O Qd6 14. Rad1 Nb4 15. Ne4 Qb6 16. Bb3 Nbd5 17. Qg5 c6 18. Rfe1 Qd8 19. Nc5 b6 {[%emt 0:4:16] [#] Strongly threatening ...h6.} 20. Nd3 Be6 21. Rc1 f6 22. Qd2 Qd6 23. Re4 Bf7 24. Rce1 Rae8 25. g3 {[%emt 0:5:29] The position is equal.} Ng6 26. Rxe8 Rxe8 27. Rxe8+ Bxe8 28. Nb4 a5 29. Nxd5 cxd5 30. a3 Ne7 31. Nh4 Kf8 32. Ng2 Bd7 33. Ne3 Be6 34. Qd3 Kg8 35. h4 g6 36. Qb5 Qd8 37. Bd1 Bf7 38. Bf3 Kg7 39. Nd1 Nf5 40. Qd3 Qc7 41. Qc3 Qd7 (41... Qxc3 {simplifies} 42. Nxc3 Nxd4 43. Bxd5 Bxd5 44. Nxd5 b5 )42. Ne3 Nxe3 43. Qxe3 $11 {[%emt 0:0:0][%mdl 4096] Endgame. KQB-KQB} Qc7 44. Kg2 Qc4 45. Qd2 Be6 46. Be2 Qc7 47. Qe3 Bf7 48. Bd3 Qc6 49. Qe7 h6 {[%emt 0:7:48] [#]} 50. h5 $1 gxh5 51. Bf5 Kg8 52. Bd7 {[%emt 0:0:0][%mdl 1024] White has compensation.} Qc7 53. Kh3 Kg7 {[%emt 0:0:37] Weighted Error Value: White=0.04 (flawless) /Black=0.04 (flawless) .  OK:         	White=17    	Black=23} 1/2-1/2

[Event "57th Biel Festival MTO 2024"]
[White "Cervantes Landeiro,Thalia"]
[Black "Saraci,Nderim"]
[Site "Biel"]
[Round "6.19"]
[Annotator "ChessBase"]
[Result "1/2-1/2"]
[Date "2024.07.20"]
[WhiteElo "2271"]
[BlackElo "2449"]
[PlyCount "82"]
[TimeControl "60"]

1. d4 Nf6 2. c4 e6 3. Nf3 d5 4. Nc3 h6 5. Bf4 Bd6 6. Bxd6 Qxd6 7. e3 O-O 8. Be2 c6 9. O-O Nbd7 10. Qc2 dxc4 11. Bxc4 e5 12. Rad1 exd4 13. Rxd4 Qe7 14. a4 Ne5 15. Nxe5 Qxe5 16. h3 a6 17. Rfd1 b5 18. axb5 axb5 19. Be2 c5 20. R4d2 Bf5 21. Bd3 Bxd3 22. Rxd3 c4 23. Rd4 Rfc8 24. Nd5 Nxd5 25. Rxd5 Qe8 26. Qd2 Rab8 27. Qd4 Qe7 28. Rd7 Qf8 29. Qd6 b4 30. Qxf8+ Kxf8 31. Kf1 c3 32. bxc3 bxc3 33. Rc1 Rb2 34. Rd3 Ra8 35. Rdxc3 Raa2 36. Rc8+ Ke7 37. R8c7+ Kf6 38. R7c6+ Kg5 39. h4+ Kxh4 40. R6c4+ Kg5 41. Rf4 f5 1/2-1/2

[Event "57th Biel Festival MTO 2024"]
[White "Toktomushev,Teimur"]
[Black "Amartuvshin,Ganzorig"]
[Site "Biel"]
[Round "6.20"]
[Annotator "ChessBase"]
[Result "0-1"]
[Date "2024.07.20"]
[WhiteElo "2300"]
[BlackElo "2411"]
[PlyCount "64"]
[TimeControl "60"]

1. d4 Nf6 2. c4 e6 3. Nf3 d5 4. Nc3 Bb4 5. Qa4+ Nc6 6. e3 O-O 7. Qc2 Re8 8. Bd2 a6 9. a3 Bd6 10. h3 h6 11. Rd1 Bd7 12. Bd3 dxc4 13. Bxc4 Qe7 14. O-O e5 15. d5 Na7 16. e4 Nc8 17. Ba2 Nh5 18. Be3 Qf6 19. Nd2 Ne7 20. Nc4 Ng6 21. f3 Nhf4 22. Kh2 Nh4 23. Bxf4 exf4 24. Qf2 Qg5 25. Nxd6 cxd6 26. g3 Ng6 27. Ne2 fxg3+ 28. Qxg3 Qf6 29. Rf2 Re5 30. Rg2 Rh5 31. Ng1 Nf4 32. Rf1 Rg5 0-1

[Event "57th Biel Festival MTO 2024"]
[White "Tahay,Alexis"]
[Black "Rappazzo,Johannes"]
[Site "Biel"]
[Round "6.21"]
[Annotator "ChessBase"]
[Result "1-0"]
[Date "2024.07.20"]
[WhiteElo "2375"]
[BlackElo "2169"]
[PlyCount "89"]
[TimeControl "60"]

1. e4 c5 2. Nf3 d6 3. Bb5+ Nd7 4. d4 cxd4 5. Nxd4 a6 6. Bd3 Ngf6 7. O-O Nc5 8. Nc3 e5 9. Nb3 Nxb3 10. axb3 h6 11. Be3 Be7 12. Na4 Be6 13. Nb6 Rb8 14. f3 Nd7 15. Nd5 Bxd5 16. exd5 O-O 17. c4 Bg5 18. Bf2 f5 19. b4 Rc8 20. b3 Qe8 21. Re1 Qf7 22. Ra2 Kh8 23. Rc2 Rce8 24. Be2 b6 25. Ra2 e4 26. fxe4 Rxe4 27. Bf3 Rxe1+ 28. Qxe1 Ne5 29. Qd1 b5 30. c5 Ng4 31. Bd4 Bf4 32. h3 Ne5 33. Rxa6 Qg6 34. Bf2 Qf6 35. Be2 Nf7 36. Bxb5 Ng5 37. Bd4 Qg6 38. Ra7 Nf7 39. Qf3 Ng5 40. Qc3 Nf7 41. c6 Kh7 42. c7 Qh5 43. Qf3 Qh4 44. Bf2 Qg5 45. h4 1-0

[Event "57th Biel Festival MTO 2024"]
[White "Munkhzul,Turmunkh"]
[Black "Kalogridis,Antonios"]
[Site "Biel"]
[Round "6.22"]
[Annotator "ChessBase"]
[Result "1/2-1/2"]
[Date "2024.07.20"]
[WhiteElo "2232"]
[BlackElo "2391"]
[PlyCount "91"]
[TimeControl "60"]

1. e4 c5 2. Nf3 Nc6 3. d4 cxd4 4. Nxd4 Nf6 5. Nc3 d6 6. Bg5 e6 7. Qd2 a6 8. O-O-O Bd7 9. f4 Be7 10. Nf3 b5 11. e5 b4 12. exf6 bxc3 13. Qxc3 gxf6 14. Bh4 Rg8 15. Kb1 Rb8 16. g4 Rxg4 17. h3 Rxf4 18. Rg1 Bf8 19. Rg4 Rxg4 20. hxg4 d5 21. Qxf6 Qxf6 22. Bxf6 Be7 23. g5 h6 24. Bxe7 Kxe7 25. gxh6 Rh8 26. Bxa6 Rxh6 27. b3 Rh3 28. Be2 Rg3 29. a4 Rg2 30. Bb5 Rf2 31. Ne1 Ne5 32. Bxd7 Kxd7 33. c4 Rf1 34. cxd5 f5 35. dxe6+ Kxe6 36. a5 Nc6 37. a6 f4 38. Rc1 Kd6 39. Nd3 Rxc1+ 40. Kxc1 Kc7 41. Nxf4 Kb6 42. Kb2 Kxa6 43. Kc3 Na5 44. b4 Nc6 45. Nd5 Nxb4 46. Kxb4 1/2-1/2

[Event "57th Biel Festival MTO 2024"]
[White "Dotzer,Lukas"]
[Black "Harish,Neeraj"]
[Site "Biel"]
[Round "6.23"]
[Annotator "ChessBase"]
[Result "1-0"]
[Date "2024.07.20"]
[WhiteElo "2369"]
[BlackElo "2123"]
[PlyCount "121"]
[TimeControl "60"]

1. e4 c5 2. Nf3 Nc6 3. d4 cxd4 4. Nxd4 Nf6 5. Nc3 e6 6. Nxc6 bxc6 7. e5 Nd5 8. Ne4 Qc7 9. f4 Qb6 10. c4 Bb4+ 11. Ke2 f5 12. exf6 Nxf6 13. Be3 Qd8 14. Nd6+ Bxd6 15. Qxd6 Bb7 16. Rd1 Rc8 17. Qc5 Qb6 18. Qxb6 axb6 19. Bxb6 c5 20. Rd2 Ne4 21. Rc2 Ra8 22. Ke3 Rxa2 23. Bd3 Ra6 24. Bc7 Nf6 25. b4 cxb4 26. Rb1 Rc6 27. Be5 Ng4+ 28. Kd2 Nxe5 29. fxe5 O-O 30. Rxb4 Ba6 31. Ke3 Rc5 32. Kd4 Ra5 33. g3 g6 34. Rcb2 Rc8 35. Rb8 Rac5 36. R2b6 R5c7 37. Rxc8+ Bxc8 38. Rb8 Kf7 39. Ra8 Ke7 40. c5 Kf7 41. Be4 h6 42. h4 g5 43. h5 g4 44. Bd3 Ke7 45. Be2 Kd8 46. Bxg4 Rb7 47. Be2 Rb4+ 48. Kc3 Re4 49. Ba6 Rxe5 50. Rxc8+ Ke7 51. g4 Kf6 52. Kd2 Kg7 53. Rc7 Rd5+ 54. Ke3 Kf6 55. Bc8 Ke7 56. Rxd7+ Rxd7 57. Bxd7 Kxd7 58. g5 hxg5 59. h6 g4 60. h7 g3 61. h8=Q 1-0

[Event "57th Biel Festival MTO 2024"]
[White "Collin,Moritz Valentin"]
[Black "Rosen,Eric"]
[Site "Biel"]
[Round "6.24"]
[Annotator "ChessBase"]
[Result "0-1"]
[Date "2024.07.20"]
[WhiteElo "2312"]
[BlackElo "2361"]
[PlyCount "79"]
[TimeControl "60"]

1. d4 d5 2. c4 e6 3. Nc3 Nf6 4. cxd5 exd5 5. Bg5 Be7 6. e3 h6 7. Bh4 Bg4 8. Qc2 O-O 9. Bd3 c5 10. dxc5 d4 11. exd4 Qxd4 12. f3 Be6 13. Bf2 Qe5+ 14. Qe2 Qc7 15. Nb5 Qa5+ 16. Kf1 Na6 17. a3 Rfd8 18. Be1 Qa4 19. Bc2 Qf4 20. g3 Qg5 21. b4 Ng4 22. Nh3 Qe5 23. Qxe5 Nxe5 24. Kg2 Nxf3 25. Kxf3 Bxh3 26. g4 h5 27. gxh5 Bd7 28. Nc3 Bf6 29. Be4 Bc6 30. Rd1 Rxd1 31. Nxd1 Rd8 32. Bg3 Rd3+ 33. Ne3 Rxa3 34. Bxc6 bxc6 35. Ke4 Nxb4 36. Ng4 Nd5 37. Re1 Bc3 38. Rb1 Bb4 39. h6 Nc3+ 40. Kd4 0-1

[Event "57th Biel Festival MTO 2024"]
[White "Gemelli,Romain"]
[Black "Narayanan,Samrug"]
[Site "Biel"]
[Round "6.25"]
[Annotator "ChessBase"]
[Result "0-1"]
[Date "2024.07.20"]
[WhiteElo "2101"]
[BlackElo "2335"]
[PlyCount "84"]
[TimeControl "60"]

1. Nf3 d5 2. g3 Nf6 3. Bg2 e6 4. O-O Be7 5. c4 d4 6. e3 c5 7. exd4 cxd4 8. d3 O-O 9. Re1 Nc6 10. Bf4 Re8 11. Ne5 Nxe5 12. Bxe5 Bc5 13. Bxf6 Qxf6 14. Nd2 Qd8 15. f4 a5 16. Ne4 Be7 17. Qh5 a4 18. h4 h6 19. Nd2 Bb4 20. Re2 Ra5 21. Qf3 b6 22. Qf2 Re7 23. Nf3 f6 24. a3 Bc5 25. Nd2 Raa7 26. Rae1 Re8 27. f5 Rae7 28. fxe6 Bxe6 29. Rxe6 Rxe6 30. Rxe6 Rxe6 31. Bd5 Qd6 32. Qf5 Qxg3+ 33. Kh1 Qe1+ 34. Nf1 Kf7 35. Kg2 Qe2+ 36. Kg1 Bd6 37. h5 Ke7 38. Bxe6 Qxe6 39. Qf3 f5 40. Kf2 Qe5 41. Qc6 Qf4+ 42. Ke1 Qh4+ 0-1

[Event "57th Biel Festival MTO 2024"]
[White "Smirnov,Mark"]
[Black "Sukandar,Irine Kharisma"]
[Site "Biel"]
[Round "6.26"]
[Annotator "ChessBase"]
[Result "1/2-1/2"]
[Date "2024.07.20"]
[WhiteElo "2203"]
[BlackElo "2338"]
[PlyCount "99"]
[TimeControl "60"]

1. e4 e5 2. Nf3 Nc6 3. Bb5 Nge7 4. O-O a6 5. Ba4 g6 6. c3 Bg7 7. d4 b5 8. Bb3 d6 9. Be3 O-O 10. dxe5 dxe5 11. Bc5 Bb7 12. Bd5 Bf6 13. a4 Re8 14. Bxe7 Qxe7 15. Na3 Rad8 16. Qe2 b4 17. Nc2 bxc3 18. bxc3 Qc5 19. Nb4 Nxb4 20. cxb4 Qb6 21. Bxb7 Qxb7 22. b5 Re6 23. Rfc1 axb5 24. axb5 Red6 25. Rc3 Bg7 26. h3 R6d7 27. Qc4 Qb6 28. Qc6 Qb8 29. Rca3 Rd6 30. Ra8 Rxc6 31. Rxb8 Rxb8 32. bxc6 f5 33. Ra7 fxe4 34. Ng5 e3 35. fxe3 Bh6 36. h4 Rc8 37. Kf2 Bxg5 38. hxg5 Kf7 39. Kf3 Ke6 40. Ke4 Kd6 41. Ra1 Rb8 42. Rh1 Rb4+ 43. Kf3 Rc4 44. Rxh7 Rxc6 45. Rg7 Kd5 46. e4+ Kc5 47. Re7 Kd6 48. Rg7 Kc5 49. Re7 Kd6 50. Rg7 1/2-1/2

[Event "57th Biel Festival MTO 2024"]
[White "Ritviz,Parab"]
[Black "Song,Ethan"]
[Site "Biel"]
[Round "6.27"]
[Annotator "ChessBase"]
[Result "1-0"]
[Date "2024.07.20"]
[WhiteElo "2334"]
[BlackElo "2244"]
[PlyCount "103"]
[TimeControl "60"]

1. e4 e5 2. Nf3 Nc6 3. Bb5 Nf6 4. d3 Bc5 5. Bxc6 dxc6 6. Nbd2 Nd7 7. O-O O-O 8. Nc4 f6 9. c3 Nb6 10. Na5 Qe7 11. h3 Rb8 12. Qe2 Be6 13. b4 Bd6 14. a3 c5 15. Re1 cxb4 16. axb4 c5 17. bxc5 Bxc5 18. d4 Bd6 19. d5 Bd7 20. Be3 Rfc8 21. c4 Na4 22. Rec1 Bb4 23. Nb3 b6 24. Bd2 a5 25. Ne1 Rc7 26. Nd3 Bd6 27. Be3 Rbc8 28. c5 bxc5 29. Nxa5 c4 30. Nb2 Nxb2 31. Qxb2 Bb4 32. Bb6 Bxa5 33. Bxa5 Rc5 34. Bb4 Rb5 35. Bxe7 Rxb2 36. Ra7 Be8 37. d6 Rd2 38. Rc3 Kf7 39. Bd8+ Kf8 40. Be7+ Kf7 41. Bd8+ Kf8 42. Ba5 Kg8 43. Rc7 Rd1+ 44. Kh2 Ra8 45. Bb4 Bb5 46. Rg3 g6 47. Rf3 Ra4 48. Bc5 Ra6 49. Rxf6 Rc6 50. Re6 Rxc7 51. dxc7 Bd7 52. Re8+ 1-0

[Event "57th Biel Festival MTO 2024"]
[White "Valsecchi,Alessio"]
[Black "Kuandykuly,Danis"]
[Site "Biel"]
[Round "6.28"]
[Annotator "RC"]
[Result "1/2-1/2"]
[Date "2024.07.20"]
[WhiteElo "2483"]
[BlackElo "1989"]
[PlyCount "99"]
[TimeControl "60"]

1. e4 e5 2. Nf3 Nc6 3. Bc4 Bc5 4. c3 Nf6 5. d3 d6 6. h3 a5 7. O-O h6 8. d4 Ba7 9. dxe5 Nxe5 10. Nxe5 dxe5 11. Qf3 O-O 12. a4 Qe7 13. Na3 c6 14. Be2 Be6 15. Nc4 Bxc4 16. Bxc4 Rad8 17. Rb1 Bc5 18. Qf5 Kh8 19. Kh1 g6 20. Qf3 Kg7 21. Re1 Rb8 22. Bf1 b5 23. axb5 cxb5 24. Ra1 a4 25. Kg1 Rfc8 26. Rd1 Qe6 27. Bd3 Qc6 28. Bc2 Ra8 29. Qg3 Re8 30. Qf3 Rec8 31. Bb1 b4 32. cxb4 Bxb4 33. Ba2 Rd8 34. Bd5 Nxd5 35. exd5 Qd6 36. Qe3 h5 37. Rd3 Bc5 38. Qh6+ Kg8 39. Be3 Rab8 40. Bxc5 Qxc5 41. Rc1 Qb5 42. Rg3 Rb6 43. Qxh5 Qxd5 44. Kh2 e4 45. Qh4 Rxb2 46. Rc7 Qd6 47. Rc6 Qxc6 48. Qxd8+ Kg7 49. Qd4+ Qf6 50. Qxa4 1/2-1/2

[Event "57th Biel Festival MTO 2024"]
[White "Kolbus,Dietmar"]
[Black "Deuer,Marius"]
[Site "Biel"]
[Round "6.29"]
[Annotator "ChessBase"]
[Result "0-1"]
[Date "2024.07.20"]
[WhiteElo "2234"]
[BlackElo "2435"]
[PlyCount "130"]
[TimeControl "60"]

1. c4 Nf6 2. Nf3 c5 3. Nc3 Nc6 4. d4 cxd4 5. Nxd4 e6 6. a3 Bc5 7. e3 O-O 8. b4 Bb6 9. Bb2 d5 10. Nf3 Qe7 11. Na4 Bc7 12. Qb3 dxc4 13. Bxc4 e5 14. Nc3 e4 15. Nd4 Ne5 16. h3 a6 17. Be2 Rd8 18. O-O-O h5 19. Rd2 b5 20. Rhd1 g6 21. Kb1 Bb7 22. Ba1 Rac8 23. Bb2 Bb6 24. Ba1 Rd7 25. Bb2 Rcd8 26. Ka1 Rc8 27. Kb1 Rdc7 28. Rc1 Kh7 29. Bf1 h4 30. Rcd1 Kg8 31. Rc1 Rd7 32. Rcd1 Rcd8 33. Ba1 Nh7 34. Bb2 Ng5 35. Qc2 Nd3 36. Nb3 Nxb2 37. Rxd7 Rxd7 38. Rxd7 Qxd7 39. Kxb2 Qd6 40. Qd2 Qf6 41. Kc2 Ne6 42. Qe1 Bc6 43. Be2 Qg5 44. Bf1 Qe5 45. Be2 Qh2 46. Qf1 f5 47. Nd2 Qd6 48. Qa1 f4 49. Qa2 fxe3 50. fxe3 Bxe3 51. Ndxe4 Qe5 52. Bf3 Kg7 53. Kb1 Nd4 54. Qb2 Nxf3 55. gxf3 Bd4 56. Qd2 Bxc3 57. Nxc3 Bxf3 58. Kb2 Qg3 59. Qd7+ Kh6 60. Qe6 Bg2 61. Qxa6 Bxh3 62. Qf6 Bf5 63. Nxb5 Qf2+ 64. Kc3 Qe3+ 65. Kc4 Be6+ 0-1

[Event "57th Biel Festival MTO 2024"]
[White "Vantika Agrawal"]
[Black "Mostertman,Milan"]
[Site "Biel"]
[Round "6.30"]
[Annotator "ChessBase"]
[Result "0-1"]
[Date "2024.07.20"]
[WhiteElo "2390"]
[BlackElo "2231"]
[PlyCount "104"]
[TimeControl "60"]

1. d4 d5 2. c4 c6 3. Nf3 Nf6 4. e3 e6 5. Nbd2 Nbd7 6. b3 Bb4 7. Bb2 Ne4 8. a3 Bxd2+ 9. Nxd2 f5 10. Bd3 O-O 11. O-O g5 12. f3 Nd6 13. e4 b5 14. c5 Ne8 15. Qc2 Ng7 16. exd5 exd5 17. b4 Rb8 18. Nb3 Rf7 19. Na5 Qf6 20. a4 a6 21. axb5 axb5 22. Rae1 Nf8 23. g3 Bd7 24. Qd2 Re8 25. Rxe8 Bxe8 26. Bc2 Ng6 27. Nb3 Re7 28. Nc1 f4 29. g4 h5 30. gxh5 Nh4 31. Nd3 Ngf5 32. Ne5 Ne3 33. Rf2 Bxh5 34. Bd1 Qf5 35. Be2 Ra7 36. Qd3 Qh3 37. Bf1 Qe6 38. Bc1 Nc4 39. Re2 Qf6 40. Ng4 Bxg4 41. fxg4 Qxd4+ 42. Qxd4 Nf3+ 43. Kg2 Nxd4 44. Rf2 Ne3+ 45. Bxe3 fxe3 46. Rb2 Ra1 47. Be2 Re1 48. Bf3 e2 49. Ra2 Rg1+ 50. Kh3 e1=Q 51. Bxd5+ cxd5 52. Ra8+ Kf7 0-1

[Event "57th Biel Festival MTO 2024"]
[White "Gueci,Tea"]
[Black "Thavandiran,Shiyam"]
[Site "Biel"]
[Round "6.31"]
[Annotator "ChessBase"]
[Result "0-1"]
[Date "2024.07.20"]
[WhiteElo "2228"]
[BlackElo "2387"]
[PlyCount "72"]
[TimeControl "60"]

1. e4 e6 2. d4 d5 3. e5 c5 4. c3 Nc6 5. Nf3 Bd7 6. Be2 Nge7 7. O-O Nf5 8. dxc5 Bxc5 9. b4 Bb6 10. Bd3 O-O 11. Re1 Nce7 12. Nbd2 f6 13. exf6 gxf6 14. c4 e5 15. cxd5 Nxd5 16. Ne4 Kh8 17. Bb2 Ng7 18. Qb3 Nf4 19. Bc4 Qe8 20. Nd6 Qh5 21. Re4 Qg4 22. Rxf4 Qxf4 23. Bc1 Qg4 24. h3 Qg3 25. Be3 Bxe3 26. Qxe3 Qg6 27. Qb3 Be8 28. Nh4 Qh5 29. g3 f5 30. Re1 f4 31. Bd5 fxg3 32. fxg3 Qh6 33. Nxb7 Bc6 34. Nc5 Qd2 35. Bxc6 Qxe1+ 36. Kh2 Rad8 0-1

[Event "57th Biel Festival MTO 2024"]
[White "Munguntuul,Batkhuyag"]
[Black "Papaux,Steve"]
[Site "Biel"]
[Round "6.32"]
[Annotator "ChessBase"]
[Result "1-0"]
[Date "2024.07.20"]
[WhiteElo "2376"]
[BlackElo "2188"]
[PlyCount "121"]
[TimeControl "60"]

1. e4 e5 2. Nf3 Nc6 3. Bb5 a6 4. Ba4 Nf6 5. d3 b5 6. Bb3 Bc5 7. Nc3 d6 8. Nd5 h6 9. c3 Be6 10. O-O Bxd5 11. exd5 Ne7 12. d4 exd4 13. Nxd4 O-O 14. Qd3 Qd7 15. a4 Rab8 16. axb5 axb5 17. Nc6 Nxc6 18. dxc6 Qxc6 19. Bxh6 Qe4 20. Qg3 Qg4 21. Qxg4 Nxg4 22. Bf4 b4 23. Rab1 Rfe8 24. Bg3 Nf6 25. Ba4 Re2 26. Bd1 Re6 27. Bb3 Re7 28. Bh4 Re2 29. Bxf6 gxf6 30. g3 Kg7 31. Kg2 Rd2 32. g4 Re8 33. Bd1 Re4 34. Bf3 Rc4 35. cxb4 Rxb4 36. b3 f5 37. gxf5 Rd3 38. Bd1 Kf6 39. Rb2 Rb8 40. h3 d5 41. Bf3 Kxf5 42. Rd1 Rg8+ 43. Bg4+ Ke4 44. Re2+ Kd4 45. Rxd3+ Kxd3 46. Re5 c6 47. Rf5 Rg7 48. Kf3 Bd4 49. Bh5 f6 50. Be8 Rc7 51. h4 Be5 52. h5 Kc3 53. h6 d4 54. Kg4 Kxb3 55. Rf3+ Kc4 56. Bg6 f5+ 57. Rxf5 Kd5 58. f4 d3 59. Rxe5+ Kc4 60. Re4+ Kc3 61. Re3 1-0

[Event "57th Biel Festival MTO 2024"]
[White "Arsenie,Cristian Marc"]
[Black "Padmini,Rout"]
[Site "Biel"]
[Round "6.33"]
[Annotator "RC"]
[Result "1/2-1/2"]
[Date "2024.07.20"]
[WhiteElo "2121"]
[BlackElo "2348"]
[PlyCount "41"]
[TimeControl "60"]

1. e4 e5 2. Nf3 Nc6 3. Bc4 Bc5 4. d3 Nf6 5. c3 O-O 6. O-O d5 7. exd5 Nxd5 8. Re1 Nb6 9. Bg5 Be7 10. Bxe7 Qxe7 11. Bb3 Qd6 12. Qe2 Bg4 13. Nbd2 Rad8 14. Qe4 Bxf3 15. Nxf3 Qxd3 16. Qxd3 Rxd3 17. Nxe5 Nxe5 18. Rxe5 Rd7 19. Rae1 Nc8 20. g3 Rd2 21. R1e2 1/2-1/2

[Event "57th Biel Festival MTO 2024"]
[White "Jain Kashish Manoj"]
[Black "Haugner,Jan"]
[Site "Biel"]
[Round "6.34"]
[Annotator "ChessBase"]
[Result "1-0"]
[Date "2024.07.20"]
[WhiteElo "2308"]
[BlackElo "2072"]
[PlyCount "87"]
[TimeControl "60"]

1. e4 c5 2. Nf3 d6 3. Bb5+ Nd7 4. Ba4 Ngf6 5. O-O a6 6. c4 g6 7. Nc3 Bg7 8. d3 O-O 9. h3 Nb6 10. Bc2 e6 11. a4 Qc7 12. Bf4 Nbd7 13. a5 Ne5 14. Nxe5 dxe5 15. Be3 Bd7 16. Qb1 Rfb8 17. b4 Bf8 18. b5 Qd8 19. Qb2 axb5 20. Nxb5 Bxb5 21. Qxb5 Qc7 22. Bd2 Nh5 23. g3 Nf6 24. Qb2 Rd8 25. Bc3 Bd6 26. Rfb1 Ra7 27. Ra3 Nd7 28. Rb3 Rb8 29. Rb6 Ra6 30. Rxb7 Rxb7 31. Qxb7 Ra7 32. Qxc7 Bxc7 33. Ba4 Nb8 34. Bb5 Kf8 35. Ra1 Ke7 36. Kg2 Kd6 37. f4 f6 38. fxe5+ fxe5 39. Rf1 Ke7 40. a6 Ra8 41. Bd2 Nc6 42. Bxc6 Rxa6 43. Bg5+ Kd6 44. Bb5 1-0

[Event "57th Biel Festival MTO 2024"]
[White "Frayna,Janelle Mae"]
[Black "Gloeckler,Christian"]
[Site "Biel"]
[Round "6.35"]
[Annotator "ChessBase"]
[Result "0-1"]
[Date "2024.07.20"]
[WhiteElo "2164"]
[BlackElo "2304"]
[PlyCount "54"]
[TimeControl "60"]

1. Nf3 Nf6 2. c4 c5 3. g3 d5 4. cxd5 Nxd5 5. Bg2 Nc6 6. Nc3 Nc7 7. O-O e5 8. a3 Rb8 9. d3 Be7 10. Nd2 O-O 11. Bxc6 bxc6 12. Nc4 f6 13. Be3 Bh3 14. Re1 Ne6 15. Qa4 Nd4 16. Rab1 Qd7 17. Na5 Be6 18. Nc4 Rfd8 19. Rec1 Bf8 20. Qa6 Nxe2+ 21. Nxe2 Qxd3 22. Nc3 Qxc4 23. Qxa7 Bf5 24. Ra1 Ra8 25. Qb7 Qe6 26. a4 Bg4 27. h4 Bf3 0-1